[Event "Mistrovství Čech mládeže 2023 - HD12"]
[Site "Harrachov, Czech Republic"]
[Date "2023.10.28"]
[Round "9.6"]
[White "Kroulík, Štěpán"]
[Black "Šára, David"]
[Result "1-0"]
[TimeControl "90m + 30s"]
[WhiteElo "1454"]
[BlackElo "1320"]

1. e4 e5 2. Nf3 Nc6 3. Bc4 Bc5 4. c3 Nf6 5. d4 exd4 6. cxd4 Bb4+ 7. Bd2 Bxd2+ 8. Nbxd2 d5 9. exd5 Nxd5 10.
O-O O-O 11. Rc1 Bg4 12. h3 Bh5 13. Bxd5 Qxd5 14. Qa4 Rfe8 15. Rc5 Bxf3 16. Rxd5 Bxd5 17. Qb5 Ne7 18. Re1 Bc6 19. Qg5 Ng6 20.
Rxe8+ Rxe8 21. d5 h6 22. Qg3 Bxd5 23. Qxc7 Re1+ 24. Kh2 Bc6 25. Nf3 Re2 26. Nd4 Re7 27. Qb8+ Re8 28. Qxa7 Bd5 29.
g3 Re1 30. f3 Ne5 31. Qa5 Nxf3+ 32. Nxf3 Re2+ 33. Kg1 Bxf3 34. Qd8+ Kh7 35. Qd3+ 1-0

[Event "Mistrovství Čech mládeže 2023 - HD12"]
[Site "Harrachov, Czech Republic"]
[Date "2023.10.28"]
[Round "9.7"]
[White "Frantsev, Iegor"]
[Black "Janoušková, Eliška"]
[Result "1-0"]
[TimeControl "90m + 30s"]
[WhiteElo "1397"]
[BlackElo "1385"]

1. d4 c5 2. Nf3 e6 3. c3 Nf6 4. Bg5 Be7 5. e3 O-O 6. Bd3 a6 7. a4 b6 8. O-O Bb7 9. Nbd2 h6 10.
Bh4 d6 11. Re1 Nc6 12. Qe2 Qc7 13. h3 Rac8 14. Bxa6 Bxa6 15. Qxa6 Ra8 16. Qd3 cxd4 17. Nxd4 Ne5 18. Qe2 Rfc8 19.
Bg3 Ned7 20. Ra2 Nc5 21. Rea1 Qd7 22. a5 bxa5 23. Rxa5 Rxa5 24. Rxa5 Nd5 25. N2b3 Ne4 26. Bh2 Qc7 27.
f3 Nef6 28. e4 Nb6 29. Nb5 Qd8 30. e5 dxe5 31. Bxe5 Nc4 32. Ra1 Nxe5 33. Qxe5 Qb6+ 34. N5d4 Nd5 35. Kh1 Bd6 36. Qe4 Qb7 37.
Ra2 e5 38. Nf5 Qxb3 39. Nxd6 Rd8 40. Ra6 Nc7 41. Rc6 Qd1+ 42. Kh2 Rxd6 43. Rxc7 f6 44. Qg6 Rd7 45. Qe8+ 1-0

[Event "Mistrovství Čech mládeže 2023 - HD12"]
[Site "Harrachov, Czech Republic"]
[Date "2023.10.28"]
[Round "9.8"]
[White "Fadrný, Jáchym"]
[Black "Mauric, Jan"]
[Result "1-0"]
[TimeControl "90m + 30s"]
[WhiteElo "1365"]
[BlackElo "1260"]

1. e4 e5 2. Nf3 Nc6 3. Bc4 Bc5 4. Nc3 Nf6 5. O-O O-O 6. d3 h6 7. a3 d6 8. b4 Bb6 9. h3 Qe7 10.
Bb2 a6 11. Re1 Nd4 12. Nxd4 Bxd4 13. Nd5 Nxd5 14. Bxd4 Nf4 15. Be3 Ng6 16. d4 Rd8 17. Qd2 Be6 18. d5 Bd7 19. Bb3 Kh7 20.
Rac1 b6 21. c4 a5 22. c5 dxc5 23. bxc5 Rab8 24. d6 cxd6 25. c6 Bxc6 26. Rxc6 b5 27. Rec1 Rd7 28. Qxa5 Rbb7 29. Qb4 Qd8 30.
Rd1 Ne7 31. Rcxd6 Nc6 32. Rxd7 Rxd7 33. Rxd7 Qxd7 34. Qxb5 1-0

[Event "Mistrovství Čech mládeže 2023 - HD12"]
[Site "Harrachov, Czech Republic"]
[Date "2023.10.28"]
[Round "9.9"]
[White "Remizov, Artem"]
[Black "Zrůst, Lukáš"]
[Result "0-1"]
[TimeControl "90m + 30s"]
[WhiteElo "1259"]
[BlackElo "1685"]

1. e4 c5 2. Nf3 e6 3. d4 cxd4 4. Nxd4 Nc6 5. Be3 Nf6 6. Nc3 a6 7. Bc4 Be7 8. Qd2 b5 9. Bb3 b4 10.
Nce2 Nxe4 11. Qd1 Bb7 12. f3 Nf6 13. O-O O-O 14. Nxc6 Bxc6 15. Nd4 Bb7 16. Qe2 d5 17. Rad1 a5 18.
Qf2 a4 19. Qg3 Bd6 20. f4 axb3 21. axb3 Ne4 22. Qh3 Bc5 23. Bf2 Nxf2 24. Rxf2 Qf6 25. Qe3 Ra2 26. c3 bxc3 27. bxc3 Rxf2 28.
Qxf2 Re8 29. Qe3 e5 30. fxe5 Qxe5 31. Qxe5 Rxe5 32. Kf1 Re3 33. Ne2 f6 34. c4 dxc4 35. bxc4 Bxg2+ 36. Kxg2 Rxe2+ 37. Kg3 Re3+ 38. Kg2 Kf7 39. Rd5 Re5 40. Rxe5 fxe5 41. Kf3 Ke6 42. Ke4 g5 43. Kf3 Kf5 44. Kg3 h5 45. Kf3 e4+ 46.
Ke2 Kf4 47. Kf1 Kf3 48. Ke1 e3 49. Kf1 e2+ 50. Ke1 Bb4# 0-1

[Event "Mistrovství Čech mládeže 2023 - HD12"]
[Site "Harrachov, Czech Republic"]
[Date "2023.10.28"]
[Round "9.12"]
[White "Mrázik, Marek"]
[Black "Štěpánková, Linda"]
[Result "1/2-1/2"]
[TimeControl "90m + 30s"]
[WhiteElo "1159"]
[BlackElo "1281"]

1. c4 e5 2. Nc3 Nf6 3. g3 Nc6 4. Bg2 Bc5 5. e3 d6 6. Nge2 O-O 7. O-O Bf5 8. d4 exd4 9. exd4 Bb4 10.
Bg5 Bxc3 11. Nxc3 h6 12. Be3 Qd7 13. Qd2 Rfe8 14. Rfe1 Nb4 15. Bf4 Nd3 16. Rxe8+ Rxe8 17. Bf1 Nxf4 18.
Qxf4 Ne4 19. Re1 Nxc3 20. Rxe8+ Qxe8 21. Qxf5 Ne2+ 22. Bxe2 Qxe2 23. Qc8+ Kh7 24. Qf5+ 1/2-1/2

[Event "Mistrovství Čech mládeže 2023 - HD12"]
[Site "Harrachov, Czech Republic"]
[Date "2023.10.28"]
[Round "9.13"]
[White "Zischka, Vít"]
[Black "Zika, Miroslav"]
[Result "1-0"]
[TimeControl "90m + 30s"]
[WhiteElo "1274"]
[BlackElo "1199"]

1. e4 c5 2. Nf3 Nc6 3. d4 cxd4 4. Nxd4 Nf6 5. Nc3 g6 6. Nxc6 bxc6 7. e5 Ng8 8. Bc4 Qc7 9. Bf4 Nh6 10.
Qf3 Nf5 11. Bxf7+ Kd8 12. O-O-O Rb8 13. Rhe1 Qb6 14. Bb3 Nd4 15. Qe4 Nxb3+ 16. axb3 Qxf2 17. e6 Rb7 18. Be5 Bh6+ 19. Kb1 Re8 20.
exd7 Rxd7 21. Qxc6 1-0

[Event "Mistrovství Čech mládeže 2023 - HD12"]
[Site "Harrachov, Czech Republic"]
[Date "2023.10.28"]
[Round "9.14"]
[White "Ta, Xuan Nguyen"]
[Black "Ličková, Anna"]
[Result "0-1"]
[TimeControl "90m + 30s"]
[WhiteElo "1252"]
[BlackElo "1366"]

1. Nf3 d5 2. d4 c5 3. Bf4 e6 4.
g3 Nc6 5. Bg2 Qb6 6. O-O Nf6 7. b3 cxd4 8. Nbd2 Bb4 9. c4 O-O 10. Qc2 Bc3 11. Rad1 Nb4 12. Qb1 Re8 13. Be5 Nd7 14. Ng5 g6 15.
Ngf3 f6 16. Bf4 g5 17. Bxg5 fxg5 18. Nxg5 Nf6 19. h4 Bxd2 20. Rxd2 dxc4 21. bxc4 Nc6 22. Qc2 Re7 23. c5 Qc7 24.
f3 Rg7 25. Kh2 h6 26. f4 Ng4+ 27. Kg1 Ne3 28. Qe4 hxg5 29. Rf2 Nxg2 30. Rxg2 gxf4 31. gxf4 Rxg2+ 32. Kxg2 Qg7+ 33. Kf2 Qh7 34.
Qg2+ Kf7 35. Qg3 Bd7 36. Qh3 Rh8 37. Kg3 Qg6+ 38. Kf2 Qf5 39. Qg3 Rg8 40. Qh2 Rg4 0-1

[Event "Mistrovství Čech mládeže 2023 - HD12"]
[Site "Harrachov, Czech Republic"]
[Date "2023.10.28"]
[Round "9.15"]
[White "Koupil, Štěpán"]
[Black "Zeman, Jonáš"]
[Result "1-0"]
[TimeControl "90m + 30s"]
[WhiteElo "1467"]
[BlackElo "1216"]

1. e4 c5 2. Nf3 d6 3. d4 cxd4 4. Nxd4 Nf6 5. Nc3 g6 6. Be2 Bg7 7. Be3 Bd7 8. O-O O-O 9. h3 Nc6 10.
Qd2 Rc8 11. f4 a6 12. Kh1 Qc7 13. Rad1 b5 14. a3 Na5 15. Nf3 Bc6 16. e5 dxe5 17. fxe5 Rfd8 18. Nd4 Qxe5 19. b4 Qg3 20.
Bf3 Nc4 21. Qc1 Bxf3 22. Rxf3 Qc7 23. Rdf1 Qd6 24. Rd1 Qc7 25. Rdf1 Nxe3 26. Qxe3 e6 27. Nb3 Rd7 28. Nc5 Rd6 29.
Rxf6 Bxf6 30. Rxf6 Qe7 31. Rf1 Rcd8 32. N5e4 Rd4 33. Nf6+ Kg7 34. Qe5 Kh6 35. Qxd4 Rxd4 36. Ng8+ 1-0

[Event "Mistrovství Čech mládeže 2023 - HD12"]
[Site "Harrachov, Czech Republic"]
[Date "2023.10.28"]
[Round "9.16"]
[White "Rendl, Luboš"]
[Black "Vrátný, Vojtěch"]
[Result "1-0"]
[TimeControl "90m + 30s"]
[WhiteElo "1420"]
[BlackElo "1210"]

1. Nf3 Nf6 2. d4 g6 3. c4 Bg7 4. b4 O-O 5. Bb2 d6 6. e3 Nbd7 7. Be2 b6 8.
Qd3 Bb7 9. Nbd2 c5 10. bxc5 dxc5 11. d5 Rc8 12. O-O Qc7 13. Rfe1 Rfd8 14. Rad1 Nf8 15. Be5 Qd7 16. h3 Ne8 17.
Bxg7 Nxg7 18. e4 e6 19. Nh2 Nh5 20.
Bxh5 gxh5 21. Re3 Ng6 22. Qe2 exd5 23. exd5 Re8 24. Ne4 Nf4 25. Nf6+ Kg7 26. Nxe8+ Rxe8 27. Qb2+ Kg8 28. Rg3+ Ng6 29.
Nf3 Ba6 30. Ne5 Qf5 31. Nxg6 hxg6 32. Rf3 Qe5 33. Qxe5 Rxe5 34. d6 Re8 35. Re3 Rd8 36. Re7 Kf8 37. Rxa7 Bxc4 38. Rb7 Bxa2 39.
Rxb6 c4 40. Rc6 Bb3 41. Rd4 f5 42. h4 Kf7 43. Kh2 Ba2 44. Kg3 1-0

[Event "Mistrovství Čech mládeže 2023 - HD12"]
[Site "Harrachov, Czech Republic"]
[Date "2023.10.28"]
[Round "9.17"]
[White "Křivka, Lukáš"]
[Black "Školoud, Natanael"]
[Result "1/2-1/2"]
[TimeControl "90m + 30s"]
[WhiteElo "1386"]
[BlackElo "1193"]

1. e4 e5 2. Nf3 Nf6 3. Nc3 Nc6 4. d4 exd4 5. Nxd4 Bb4 6. Nxc6 bxc6 7. Bd3 O-O 8. O-O d6 9. Bg5 Bc5 10.
Na4 Bb6 11. Nxb6 cxb6 12. Qf3 Be6 13. Bxf6 Qxf6 14. Qxf6 gxf6 15. Ba6 Rab8 16. Bd3 d5 17. exd5 Bxd5 18. c4 Be6 19. b3 Rbd8 20.
Rad1 Rd7 21. Be2 Rfd8 22. Rxd7 Rxd7 23. Rd1 Rxd1+ 24. Bxd1 Kf8 25. Bc2 f5 26. f4 Ke7 27. Kf2 c5 28.
Ke3 a5 29. a4 Kf6 1/2-1/2

[Event "Mistrovství Čech mládeže 2023 - HD12"]
[Site "Harrachov, Czech Republic"]
[Date "2023.10.28"]
[Round "9.18"]
[White "Kůsová, Nikola"]
[Black "Kreuzman, Daniel"]
[Result "0-1"]
[TimeControl "90m + 30s"]
[WhiteElo "1324"]
[BlackElo "1169"]

1. e4 c6 2. d4 d5 3. f3 dxe4 4. fxe4 e5 5. Nf3 Bg4 6. Bc4 Nd7 7. O-O Ngf6 8. Nc3 Bd6 9. Bg5 Qb6 10.
Be3 Qxb2 11. Qd3 Bxf3 12. Rab1 Qa3 13. Rxf3 exd4 14. Bxd4 Bc5 15. Rxb7 Ne5 16. Qd2 Nxf3+ 17. gxf3 Bxd4+ 18. Qxd4 O-O 19. Bb3 Rad8 20. Qxa7 Qc1+ 21. Kf2 Qd2+ 22. Ne2 Rd7 23. e5 Rxb7 24. Qxb7 Qd7 25. Qxd7 Nxd7 26. e6 Ne5 27. f4 fxe6 28. Bxe6+ Nf7 29.
Nd4 Re8 30. Bxf7+ Kxf7 31. Nxc6 Ra8 32. Nb4 Rb8 33. Nd3 Rc8 34. Nb4 Rc4 35. a3 Rxf4+ 36. Kg3 Rc4 37. Kf3 Rc3+ 38. Kf2 Rxa3 39.
Kg2 Ra4 40. Nd5 Rc4 41. Ne3 Rc3 42. Kf2 Ke6 43. Ke2 Ke5 44. Kd2 Rc6 45. Ke2 Ke4 46. Kd2 Rf6 47. Ke2 Rf3 48. Nf1 Rc3 49.
Ng3+ Kf4 50. Kd2 Rc5 51. Ne2+ Kg4 52. Nd4 Rh5 0-1

[Event "Mistrovství Čech mládeže 2023 - HD12"]
[Site "Harrachov, Czech Republic"]
[Date "2023.10.28"]
[Round "9.20"]
[White "Vlček, Vítězslav"]
[Black "Kubát, Jonáš"]
[Result "1-0"]
[TimeControl "90m + 30s"]
[WhiteElo "1120"]
[BlackElo "1423"]

1. d4 d5 2. c4 e6 3. Nc3 Nf6 4. Nf3 c5 5. e3 Nc6 6. Bd3 Bd6 7. O-O O-O 8. a3 dxc4 9. Bxc4 Na5 10.
Bd3 cxd4 11. Nxd4 Be5 12. b4 Bxd4 13. exd4 Qxd4 14. Bxh7+ Kxh7 15. Qxd4 Nb3 16. Qh4+ 1-0

[Event "Mistrovství Čech mládeže 2023 - HD12"]
[Site "Harrachov, Czech Republic"]
[Date "2023.10.28"]
[Round "9.21"]
[White "Melicharová, Veronika"]
[Black "Ježek, Jiří"]
[Result "0-1"]
[TimeControl "90m + 30s"]
[WhiteElo "1108"]
[BlackElo "1392"]

1. e4 c5 2. Nf3 g6 3. d4 cxd4 4. Qxd4 Nf6 5. Nc3 Nc6 6. Qa4 d6 7. e5 dxe5 8. Nxe5 Bd7 9. Nxd7 Qxd7 10.
Be2 Bg7 11. O-O O-O 12. Be3 a6 13. Rfd1 Qc7 14. Bf3 Ne5 15. Bf4 Nxf3+ 16. gxf3 Qc5 17. Be3 Qh5 18. Qf4 Rfd8 19. Qc7 Rxd1+ 20. Rxd1 Qxf3 21. Rd8+ Rxd8 22. Qxd8+ Bf8 23. Qd1 Qxd1+ 24. Nxd1 Nd5 25. Bd2 Bg7 26. c3 Be5 27. Kg2 Kg7 28.
h3 Bf4 29. Bxf4 Nxf4+ 30. Kg3 Nd3 31. b3 Nc1 32. Kf4 Nxa2 33. Ke5 Kf8 34. Kd5 Ke8 35. Kc5 Kd7 36. Kb6 Kc8 37. c4 Nc1 0-1